[Event "Titled Tuesday Blitz January 17 Early 2023"]
[White "Luong Phuong Hanh"]
[Black "Djokovic, Nebojsa"]
[WhiteFideId "12401013"]
[BlackFideId "938300"]
[WhiteElo "2029"]
[BlackElo "2119"]
[Result "0-1"]
[Round "04"]
[TimeControl "180+2"]
[Date "2023.01.17"]
[WhiteClock "0:00:12"]
[BlackClock "0:00:05"]

1. d4 e6 2. Nf3 Nf6 3. e3 d5 4. Bd3 c5 5. O-O Bd6 6. b3 O-O 7. Bb2 Nbd7 8. Nbd2 b6 9. Ne5 Bb7 10. Qf3 Qc7 11. Nxd7 Nxd7 12. Qh3 h6 13. Rac1 Rac8 14. c4 Qd8 15. cxd5 Bxd5 16. Be4 Bxe4 17. Nxe4 Be7 18. Rfd1 cxd4 19. Rxc8 Qxc8 20. Bxd4 Rd8 21. Qg3 e5 22. Ba1 Qc2 23. Nc3 Nf6 24. Rf1 Bd6 25. Nb5 Ne4 26. Qh4 f6 27. h3 Nd2 28. Re1 Bf8 29. Qa4 a5 30. Bc3 Ne4 31. Qc4+ Kh8 32. Qc7 Qxf2+ 33. Kh2 Re8 34. Qd7 Qg3+ 35. Kg1 Ra8 36. Qd5 Nxc3 37. Qxa8 Qxe1+ 38. Kh2 Ne2 39. Qxf8+ Kh7 40. h4 Qg3+ 41. Kh1 Qxh4# 0-1


[Site "https://www.chess.com"]

[Event "Titled Tuesday Blitz January 17 Early 2023"]
[White "Bodnaruk, Anastasia"]
[Black "Rian, Kapriaga"]
[WhiteFideId "4181751"]
[BlackFideId "7103263"]
[WhiteElo "2350"]
[BlackElo "2089"]
[Result "1-0"]
[Round "04"]
[TimeControl "180+2"]
[Date "2023.01.17"]
[WhiteClock "0:00:06"]
[BlackClock "0:00:05"]

1. e4 c6 2. d4 d5 3. e5 c5 4. dxc5 e6 5. a3 Bxc5 6. b4 Be7 7. Bd3 Nc6 8. Bb2 f5 9. Ne2 Bd7 10. O-O Nh6 11. Nd4 Nxd4 12. Bxd4 O-O 13. c4 dxc4 14. Bxc4 b6 15. Qb3 Kh8 16. Rd1 Qb8 17. Bxe6 Bc6 18. b5 Bb7 19. Nc3 Ng4 20. Nd5 Bc5 21. Bxc5 bxc5 22. f4 c4 23. Qxc4 Bxd5 24. Bxd5 Ne3 25. Qc5 Nxd1 26. Rxd1 Qc8 27. Bc6 Rb8 28. Rd6 Qc7 29. e6 Qe7 30. Qe5 Rbd8 31. Bd7 h6 32. h3 Rf6 33. a4 Rff8 34. a5 Rf6 35. b6 axb6 36. axb6 Rb8 37. Rc6 Rd8 38. b7 Rxd7 39. b8=Q+ Rd8 40. Qb1 Rff8 41. Rc7 Qh4 42. e7 Rfe8 43. exd8=Q Rxd8 44. Qxg7# 1-0


[Site "https://www.chess.com"]

[Event "Titled Tuesday Blitz January 17 Early 2023"]
[White "Odegov, Artem"]
[Black "Mrudul Dehankar"]
[WhiteFideId "34183644"]
[BlackFideId "25096990"]
[WhiteElo "2261"]
[BlackElo "2030"]
[Result "1-0"]
[Round "04"]
[TimeControl "180+2"]
[Date "2023.01.17"]
[WhiteClock "0:00:51"]
[BlackClock "0:00:08"]

1. d4 Nf6 2. c4 e6 3. Nf3 Bb4+ 4. Nbd2 b6 5. a3 Bxd2+ 6. Qxd2 Bb7 7. e3 O-O 8. Bd3 Ne4 9. Qc2 f5 10. O-O d6 11. Nd2 Nxd2 12. Bxd2 Nd7 13. Rae1 Qg5 14. e4 f4 15. f3 e5 16. Bc3 Rf6 17. b4 Rh6 18. Rf2 Qh4 19. h3 Qg5 20. Kf1 Nf6 21. Ke2 Nd7 22. Kd1 exd4 23. Bxd4 c5 24. Bb2 Ne5 25. Kc1 cxb4 26. axb4 Rc8 27. Kb1 Re6 28. Rd1 Ba6 29. Bxe5 Qxe5 30. Bf1 Re7 31. Qb3 Kh8 32. Rfd2 Rd7 33. Qa4 b5 34. Qxa6 bxc4 35. Qxc8+ 1-0


[Site "https://www.chess.com"]

[Event "Titled Tuesday Blitz January 17 Early 2023"]
[White "Rosenberg, Evan S"]
[Black "Aldokhin, Ivan"]
[WhiteFideId "2019299"]
[BlackFideId "24115720"]
[WhiteElo "1956"]
[BlackElo "2413"]
[Result "1-0"]
[Round "04"]
[TimeControl "180+2"]
[Date "2023.01.17"]
[WhiteClock "0:00:07"]
[BlackClock "0:00:02"]

1. d4 Nf6 2. Nf3 g6 3. Nc3 Bg7 4. e4 d6 5. Be2 c5 6. dxc5 Qa5 7. cxd6 Nxe4 8. O-O Nxc3 9. bxc3 Nc6 10. Bg5 e5 11. Rb1 a6 12. Re1 Be6 13. Rxb7 O-O 14. Be7 Nxe7 15. dxe7 Rfe8 16. Ng5 Bd5 17. Rd7 Bxa2 18. Qa1 e4 19. Bc4 Qxg5 20. Qxa2 Rxe7 21. Bxf7+ Kh8 22. Rxe7 Qxe7 23. Bd5 Rd8 24. c4 Qg5 25. g3 Bd4 26. Rxe4 Qf6 27. Rf4 Qe5 28. Qxa6 g5 29. Rf7 Re8 30. Qh6 Qe1+ 31. Kg2 Qe4+ 32. Bxe4 1-0


[Site "https://www.chess.com"]

[Event "Titled Tuesday Blitz January 17 Early 2023"]
[White "Tsotsonava, Elene"]
[Black "Martynov, Pavel"]
[WhiteFideId "13615939"]
[BlackFideId "4101260"]
[WhiteElo "2053"]
[BlackElo "2414"]
[Result "1-0"]
[Round "04"]
[TimeControl "180+2"]
[Date "2023.01.17"]
[WhiteClock "0:00:32"]
[BlackClock "0:00:01"]

1. e4 c5 2. Nf3 e6 3. d4 cxd4 4. Nxd4 Nc6 5. Nc3 Qc7 6. Be3 a6 7. Qd2 Nf6 8. f3 Bb4 9. O-O-O Ne5 10. a3 Bxc3 11. Qxc3 Qxc3 12. bxc3 d5 13. Kb2 b5 14. Bf4 Ned7 15. exd5 Nxd5 16. Bd6 N7b6 17. Kb3 Bd7 18. Re1 Rc8 19. Bb4 Nxb4 20. cxb4 Nd5 21. c4 bxc4+ 22. Bxc4 Ba4+ 23. Kxa4 Rxc4 24. Nf5 O-O 25. Ne3 Nxe3 26. Rxe3 Rc2 27. g3 g5 28. h4 Rg2 29. g4 gxh4 30. Rxh4 Kg7 31. Rh5 Kg6 32. Ra5 Ra8 33. Kb3 Rg1 34. Rc3 Rf1 35. a4 Rb1+ 36. Ka3 Kf6 37. Rb3 Ra1+ 38. Kb2 Rf1 39. b5 Rf2+ 40. Ka3 h5 41. gxh5 Rh8 42. bxa6 Re2 43. a7 1-0


[Site "https://www.chess.com"]

[Event "Titled Tuesday Blitz January 17 Early 2023"]
[White "Perrine, Dalton"]
[Black "Vasques, Antonio Pedro Freixial"]
[WhiteFideId "2048434"]
[BlackFideId "1908332"]
[WhiteElo "2228"]
[BlackElo "2214"]
[Result "0-1"]
[Round "04"]
[TimeControl "180+2"]
[Date "2023.01.17"]
[WhiteClock "0:00:01"]
[BlackClock "0:00:33"]

1. Nf3 Nf6 2. g3 g6 3. b3 Bg7 4. Bb2 a5 5. Bg2 O-O 6. O-O a4 7. b4 c6 8. c4 d5 9. Na3 Bf5 10. Rc1 Nbd7 11. cxd5 cxd5 12. Nd4 Be4 13. f3 Bf5 14. Nxf5 gxf5 15. Qc2 e6 16. Qc7 Qe7 17. Qxb7 Rfb8 18. Qc6 Qxb4 19. Rc2 Qf8 20. Rfc1 Nb6 21. Qc3 Ne8 22. Qe3 d4 23. Qd3 Nd5 24. Qc4 Nd6 25. Qc6 Rc8 0-1


[Site "https://www.chess.com"]

[Event "Titled Tuesday Blitz January 17 Early 2023"]
[White "Le Ruyet, Leopold"]
[Black "Todorovic, Bojan"]
[WhiteFideId "645923"]
[BlackFideId "917087"]
[WhiteElo "2245"]
[BlackElo "2195"]
[Result "1-0"]
[Round "04"]
[TimeControl "180+2"]
[Date "2023.01.17"]
[WhiteClock "0:01:54"]
[BlackClock "0:01:08"]

1. e4 c5 2. Nc3 a6 3. g3 b5 4. Bg2 Bb7 5. Nge2 e6 6. O-O d6 7. d4 cxd4 8. Nxd4 Nf6 9. Re1 Qc7 10. a4 b4 11. Nd5 exd5 12. exd5+ Kd8 13. Bg5 Be7 14. Nf5 Bf8 15. Qd4 Nd7 16. Nh6 Ne5 17. f4 Ng6 18. Bxf6+ gxf6 19. Qxf6+ Be7 20. Nxf7+ Ke8 21. Nxd6+ 1-0


[Site "https://www.chess.com"]

[Event "Titled Tuesday Blitz January 17 Early 2023"]
[White "Alfaro, William"]
[Black "Janaszak, Dawid"]
[WhiteFideId "6100457"]
[BlackFideId "1119206"]
[WhiteElo "2134"]
[BlackElo "2316"]
[Result "0-1"]
[Round "04"]
[TimeControl "180+2"]
[Date "2023.01.17"]
[WhiteClock "0:01:01"]
[BlackClock "0:01:05"]

1. Nf3 g6 2. g3 Bg7 3. Bg2 c5 4. d3 Nc6 5. O-O e5 6. e4 Nge7 7. Bg5 h6 8. Be3 d6 9. Nc3 f5 10. Qd2 g5 11. exf5 Bxf5 12. h4 Qd7 13. hxg5 hxg5 14. Bxg5 Bh3 15. Nh4 Bxg2 16. Kxg2 O-O-O 17. Ne4 Rdf8 18. c3 Kc7 19. Qe3 Qe6 20. Bxe7 Nxe7 21. b4 Bh6 22. Qe2 cxb4 23. cxb4 Kb8 24. Rae1 Nc6 25. Qb2 Nd4 26. Nd2 Bxd2 27. Qxd2 Rxh4 28. gxh4 Qg4+ 0-1


[Site "https://www.chess.com"]

[Event "Titled Tuesday Blitz January 17 Early 2023"]
[White "Sohier, Julien"]
[Black "Garakov, Mikhael"]
[WhiteFideId "645346"]
[BlackFideId "4169034"]
[WhiteElo "2214"]
[BlackElo "2447"]
[Result "1-0"]
[Round "04"]
[TimeControl "180+2"]
[Date "2023.01.17"]
[WhiteClock "0:00:42"]
[BlackClock "0:00:39"]

1. e4 c5 2. Nc3 a6 3. Nf3 e6 4. g3 Nc6 5. Bg2 b5 6. d4 b4 7. Na4 cxd4 8. Nxd4 Bb7 9. O-O Qc7 10. Be3 Ne5 11. b3 Nf6 12. h3 Nxe4 13. Bf4 g5 14. Be3 Bg7 15. Qh5 h6 16. Rfe1 g4 17. Bf4 gxh3 18. Bxe4 h2+ 19. Kxh2 Bxe4 20. Rxe4 d6 21. Nxe6 Qxc2 22. Nxg7+ Kf8 23. Re2 1-0


[Site "https://www.chess.com"]

[Event "Titled Tuesday Blitz January 17 Early 2023"]
[White "parintele_chess"]
[Black "Goldin, Alexander"]
[BlackFideId "2019540"]
[WhiteElo "2259"]
[BlackElo "2542"]
[Result "0-1"]
[Round "04"]
[TimeControl "180+2"]
[Date "2023.01.17"]
[WhiteClock "0:00:02"]
[BlackClock "0:00:23"]

1. d4 d5 2. Bf4 c5 3. e3 Nc6 4. Nf3 cxd4 5. exd4 Bg4 6. Be2 e6 7. O-O Bd6 8. Bxd6 Qxd6 9. c3 Nge7 10. Nbd2 O-O 11. Ne5 Bxe2 12. Qxe2 Rab8 13. Ndf3 b5 14. a3 Ng6 15. Nxc6 Qxc6 16. Ne5 Nxe5 17. Qxe5 a5 18. Rae1 b4 19. axb4 axb4 20. Re3 bxc3 21. bxc3 Rb3 22. Rc1 Rfb8 23. h4 h6 24. Rg3 g6 25. h5 g5 26. Qf6 Rb1 27. Rxb1 Rxb1+ 28. Kh2 Qc7 29. Qxh6 Qf4 30. Qxg5+ Qxg5 31. Rxg5+ Kh7 32. Rg3 Kh6 33. Rf3 f5 34. Re3 Rb6 35. Kg3 Kg5 36. Re1 Rc6 0-1


[Site "https://www.chess.com"]

[Event "Titled Tuesday Blitz January 17 Early 2023"]
[White "Warchol, Kamil"]
[Black "Padmini, Rout"]
[WhiteFideId "21858241"]
[BlackFideId "5029295"]
[WhiteElo "2173"]
[BlackElo "2375"]
[Result "1-0"]
[Round "04"]
[TimeControl "180+2"]
[Date "2023.01.17"]
[WhiteClock "0:00:05"]
[BlackClock "0:01:28"]

1. e4 e5 2. Bc4 Nf6 3. d3 c6 4. Nf3 Be7 5. O-O d6 6. a4 O-O 7. Nc3 Nbd7 8. h3 Nc5 9. Ba2 Be6 10. Be3 Bxa2 11. Rxa2 Ne6 12. d4 exd4 13. Nxd4 Nxd4 14. Qxd4 Re8 15. Raa1 Qa5 16. Rad1 Bf8 17. f3 Qe5 18. Qxe5 dxe5 19. Ne2 b6 20. Kf2 Rad8 21. b3 Nd7 22. Rd2 Nc5 23. Rfd1 Rxd2 24. Rxd2 f6 25. Nc1 Kf7 26. Nd3 Rd8 27. Nxe5+ Ke8 28. Rxd8+ Kxd8 29. Nxc6+ Kd7 30. Nxa7 Bd6 31. Nb5 Bb8 32. Nc3 Ne6 33. Bxb6 Kc6 34. Be3 Bd6 35. Nd5 Be5 36. b4 Nd4 37. c4 Nc2 38. b5+ Kb7 39. a5 Bd6 40. a6+ 1-0


[Site "https://www.chess.com"]

[Event "Titled Tuesday Blitz January 17 Early 2023"]
[White "Md, Imran"]
[Black "Rodrigues, Leonardo De Miranda"]
[WhiteFideId "25748580"]
[BlackFideId "2108658"]
[WhiteElo "2284"]
[BlackElo "2112"]
[Result "1-0"]
[Round "04"]
[TimeControl "180+2"]
[Date "2023.01.17"]
[WhiteClock "0:01:22"]
[BlackClock "0:00:04"]

1. d4 Nf6 2. c4 g6 3. Nf3 Bg7 4. Nc3 O-O 5. e4 d6 6. Be2 e5 7. O-O Nbd7 8. h3 c6 9. d5 Nc5 10. Qc2 a5 11. Be3 cxd5 12. cxd5 b6 13. a4 Bd7 14. Nd2 Rc8 15. Qd1 Ne8 16. Bb5 f5 17. f3 f4 18. Bf2 g5 19. Qe2 h5 20. Bxd7 Qxd7 21. Nb5 Rf7 22. Nc4 Bf8 23. Nxb6 Qd8 24. Nxc8 Qxc8 25. Rac1 Nf6 26. Bxc5 dxc5 27. d6 g4 28. hxg4 hxg4 29. Qc4 Qd7 30. Rfd1 Kh8 31. Qxc5 gxf3 32. Qxe5 Qg4 33. Rd2 Bg7 34. Rc7 Nd7 35. Qe8+ Rf8 36. Qxd7 f2+ 37. Kf1 Qg5 38. Qxg7+ Qxg7 39. Rxg7 Kxg7 40. d7 Rd8 41. Na7 1-0


[Site "https://www.chess.com"]

[Event "Titled Tuesday Blitz January 17 Early 2023"]
[White "Kosakowski, Jakub"]
[Black "Kostenko, Petr"]
[WhiteFideId "1185080"]
[BlackFideId "13700669"]
[WhiteElo "2485"]
[BlackElo "2371"]
[Result "1-0"]
[Round "04"]
[TimeControl "180+2"]
[Date "2023.01.17"]
[WhiteClock "0:00:06"]
[BlackClock "0:00:09"]

1. d4 Nf6 2. Nf3 e6 3. Bg5 h6 4. Bh4 c5 5. e3 Qb6 6. Nbd2 cxd4 7. exd4 Qxb2 8. Bxf6 gxf6 9. Bd3 Nc6 10. O-O Nxd4 11. Nc4 Qc3 12. Re1 Be7 13. Rb1 Rg8 14. h3 d5 15. Nxd4 Qxd4 16. Nd6+ Kf8 17. Nxc8 Rxc8 18. Rxb7 Qf4 19. Qh5 Rg7 20. Reb1 Bc5 21. Qe2 Bb6 22. Ba6 Rc3 23. Bd3 Rg5 24. a4 Qg3 25. Qf1 Qxh3 26. a5 Bc7 27. f4 Qe3+ 28. Qf2 Bxf4 29. Rxa7 Qxf2+ 30. Kxf2 Ra3 31. a6 Kg7 32. Rbb7 Kg8 33. Rxf7 Bd6 34. Bh7+ Kh8 35. Ra8+ 1-0


[Site "https://www.chess.com"]

[Event "Titled Tuesday Blitz January 17 Early 2023"]
[White "Avazkhonov, Alikhon"]
[Black "Bacrot, Etienne"]
[WhiteFideId "14208504"]
[BlackFideId "605506"]
[WhiteElo "1538"]
[BlackElo "2667"]
[Result "0-1"]
[Round "04"]
[TimeControl "180+2"]
[Date "2023.01.17"]
[WhiteClock "0:00:05"]
[BlackClock "0:01:13"]

1. d4 Nf6 2. c4 g6 3. Nc3 Bg7 4. e4 d6 5. f3 O-O 6. Be3 e5 7. d5 a5 8. Qd2 a4 9. O-O-O Na6 10. Nxa4 Nd7 11. Kb1 f5 12. Nc3 Nac5 13. h4 Nf6 14. Bg5 Qe8 15. Bd3 Nh5 16. Be3 Ng3 17. Rh2 fxe4 18. fxe4 Bg4 19. Nge2 Bxe2 20. Bxe2 Ncxe4 21. Nxe4 Nxe4 22. Qc2 Ng3 23. Bg4 Nf5 24. Bf2 e4 25. Re1 Qe5 26. Rh3 Rfe8 27. h5 e3 28. Bxe3 Ra3 29. Bxf5 gxf5 30. Qd2 Qe4+ 31. Ka1 Rea8 0-1


[Site "https://www.chess.com"]

[Event "Titled Tuesday Blitz January 17 Early 2023"]
[White "Boros, Denes"]
[Black "Sreyas Payyappat"]
[WhiteFideId "722340"]
[BlackFideId "46674969"]
[WhiteElo "2406"]
[BlackElo "2076"]
[Result "0-1"]
[Round "04"]
[TimeControl "180+2"]
[Date "2023.01.17"]
[WhiteClock "0:00:25"]
[BlackClock "0:01:17"]

1. d4 Nf6 2. Nc3 d5 3. Nf3 c5 4. Bf4 Nc6 5. e3 Nh5 6. Be5 f6 7. Bg3 Nxg3 8. hxg3 cxd4 9. Nxd4 e5 10. Nb3 Be6 11. Bd3 e4 12. Bb5 Bb4 13. Nd4 Qd6 14. Kf1 O-O-O 15. Bxc6 bxc6 16. Nxe6 Qxe6 17. Na4 d4 18. exd4 Qc4+ 19. Kg1 Rxd4 20. Qg4+ Rd7 21. Rd1 Rd8 22. Rxh7 Qxc2 23. Rxd7 Rxd7 24. Rxg7 Qc1+ 0-1


[Site "https://www.chess.com"]

[Event "Titled Tuesday Blitz January 17 Early 2023"]
[White "Legenia, Artem"]
[Black "Dvirnyy, Danyyil"]
[WhiteFideId "14136945"]
[BlackFideId "817570"]
[WhiteElo "2092"]
[BlackElo "2541"]
[Result "0-1"]
[Round "04"]
[TimeControl "180+2"]
[Date "2023.01.17"]
[WhiteClock "0:00:19"]
[BlackClock "0:01:58"]

1. f4 d5 2. Nf3 g6 3. e3 Bg7 4. Be2 c5 5. O-O Nf6 6. d4 O-O 7. c3 Bf5 8. Bd3 Bxd3 9. Qxd3 Nc6 10. Nbd2 Qc7 11. Ne5 Rab8 12. b3 b5 13. Bb2 c4 14. Qe2 Rfc8 15. b4 a5 16. a3 Ra8 17. Nxc6 Qxc6 18. Nf3 Ne4 19. Nd2 Nd6 20. g4 Ra6 21. Kh1 Rca8 22. h4 axb4 23. axb4 Ra2 24. Nf3 Ne4 25. Kg2 Nxc3 26. Qc2 Ne4 27. Rxa2 Rxa2 28. Ra1 Qa6 29. Qb1 Rxa1 30. Bxa1 Qa3 31. h5 Qxe3 32. hxg6 Qxf3+ 33. Kxf3 Nd2+ 0-1


[Site "https://www.chess.com"]

[Event "Titled Tuesday Blitz January 17 Early 2023"]
[White "Mestnikov, Aisen"]
[Black "Lagno, Kateryna"]
[WhiteFideId "34130117"]
[BlackFideId "14109336"]
[WhiteElo "2078"]
[BlackElo "2558"]
[Result "0-1"]
[Round "04"]
[TimeControl "180+2"]
[Date "2023.01.17"]
[WhiteClock "0:00:07"]
[BlackClock "0:01:15"]

1. d4 Nf6 2. c4 g6 3. Nc3 d5 4. Nf3 Bg7 5. h4 c6 6. Bf4 O-O 7. e3 Nbd7 8. Qb3 dxc4 9. Bxc4 Nb6 10. Be2 Be6 11. Qc2 Bf5 12. Qb3 h6 13. O-O Nfd5 14. Bg3 Be6 15. Nxd5 Qxd5 16. Qxd5 Nxd5 17. Rfd1 a5 18. e4 Nf6 19. Nd2 Rfd8 20. Be5 a4 21. f3 a3 22. b3 Nh5 23. Bxg7 Kxg7 24. Bc4 Rxd4 25. Bxe6 Rad8 26. Bd5 cxd5 27. Nf1 dxe4 28. Rxd4 Rxd4 29. Re1 exf3 30. Rxe7 fxg2 31. Kxg2 b5 32. Rb7 b4 33. Kh3 Nf4+ 34. Kh2 Ne2 35. Kh3 Nc3 36. Ne3 Rd3 37. Re7 Nd5 0-1


[Site "https://www.chess.com"]

[Event "Titled Tuesday Blitz January 17 Early 2023"]
[White "Donskov, Anatoly"]
[Black "Arabidze, Meri"]
[WhiteFideId "24143413"]
[BlackFideId "13604040"]
[WhiteElo "2279"]
[BlackElo "2441"]
[Result "1-0"]
[Round "04"]
[TimeControl "180+2"]
[Date "2023.01.17"]
[WhiteClock "0:00:10"]
[BlackClock "0:00:08"]

1. e4 c5 2. Nf3 e6 3. d4 cxd4 4. Nxd4 Nc6 5. Nc3 a6 6. Be3 Nf6 7. a3 Qc7 8. f4 d6 9. Qf3 g6 10. O-O-O Bd7 11. Kb1 Rc8 12. Be2 Qb8 13. g4 Bg7 14. g5 Nh5 15. f5 Bxd4 16. Bxd4 Nxd4 17. Rxd4 e5 18. Rd2 Nf4 19. f6 Be6 20. Rhd1 Rc6 21. Qg3 h6 22. gxh6 Rxh6 23. Bg4 Qc8 24. Bxe6 Qxe6 25. Nd5 Nh5 26. Qe3 Rh8 27. Qa7 Qd7 28. Ne7 Nxf6 29. Nxc6 bxc6 30. Qa8+ Qd8 31. Qxc6+ Qd7 32. Qa8+ Qd8 33. Qxa6 Nxe4 34. Qc6+ Kf8 35. Qxe4 Kg7 36. Rxd6 Qg5 37. R6d5 Rh5 38. Re1 Qh4 39. Rxe5 Qf2 40. Rxh5 gxh5 41. Qe5+ f6 42. Qe7+ Kg6 43. Qe4+ Kg5 44. Qe3+ Qxe3 45. Rxe3 f5 46. Kc1 f4 47. Rd3 Kg4 48. Kd1 f3 49. Ke1 h4 50. Kf2 h3 51. Rxf3 1-0


[Site "https://www.chess.com"]

[Event "Titled Tuesday Blitz January 17 Early 2023"]
[White "Djokic, Mihailo"]
[Black "Jumanov, Elbek"]
[WhiteFideId "976440"]
[BlackFideId "14202905"]
[WhiteElo "2192"]
[BlackElo "2155"]
[Result "1-0"]
[Round "04"]
[TimeControl "180+2"]
[Date "2023.01.17"]
[WhiteClock "0:00:02"]
[BlackClock "0:00:10"]

1. e4 c5 2. Nf3 d6 3. d4 cxd4 4. Nxd4 Nf6 5. Nc3 a6 6. Rg1 Nc6 7. g4 h6 8. h4 Nxd4 9. Qxd4 Bxg4 10. Rxg4 Nxg4 11. Qa4+ Qd7 12. Bb5 axb5 13. Qxa8+ Qd8 14. Qxb7 e6 15. a4 b4 16. Nb5 Qxh4 17. Qa8+ Ke7 18. Qa7+ Kf6 19. b3 Qh1+ 20. Kd2 Qxe4 21. Bb2+ e5 22. a5 Qd5+ 23. Nd4 Be7 24. a6 Rc8 25. Qb7 Qxb7 26. axb7 Rb8 27. Ra8 exd4 28. Rxb8 1-0


[Site "https://www.chess.com"]

[Event "Titled Tuesday Blitz January 17 Early 2023"]
[White "Becerra, Juan David"]
[Black "Bobkov, Vadim"]
[WhiteFideId "4404998"]
[BlackFideId "34110876"]
[WhiteElo "2382"]
[BlackElo "2249"]
[Result "1-0"]
[Round "04"]
[TimeControl "180+2"]
[Date "2023.01.17"]
[WhiteClock "0:00:38"]
[BlackClock "0:02:15"]

1. e4 c5 2. d4 cxd4 3. c3 d3 4. Bxd3 Nc6 5. Nf3 d6 6. O-O Nf6 7. Bc4 Bg4 8. Qb3 Bxf3 9. Bxf7+ Kd7 10. Qxb7+ Qc7 11. Be6+ Kxe6 12. Qxc7 1-0


[Site "https://www.chess.com"]

[Event "Titled Tuesday Blitz January 17 Early 2023"]
[White "Rengifo Blancas, Renzo Jhonathan"]
[Black "Subelj, Jan"]
[WhiteFideId "3807185"]
[BlackFideId "14618583"]
[WhiteElo "2131"]
[BlackElo "2513"]
[Result "0-1"]
[Round "04"]
[TimeControl "180+2"]
[Date "2023.01.17"]
[WhiteClock "0:00:09"]
[BlackClock "0:00:05"]

1. d4 b6 2. e4 Bb7 3. Bd3 f5 4. Nc3 fxe4 5. Bxe4 Bxe4 6. Nxe4 Nf6 7. Qf3 Nc6 8. c3 e6 9. Ne2 Be7 10. Nxf6+ Bxf6 11. Bf4 O-O 12. Qg3 Bh4 13. Qg4 Bf6 14. h4 e5 15. Be3 exd4 16. cxd4 Nb4 17. Qe4 Re8 18. Qb1 Qe7 19. a3 Nd5 20. Qa2 Qf7 21. Rh3 Re7 22. O-O-O Rae8 23. Rd3 Kh8 24. Nc3 Nxc3 25. Qxf7 Ne2+ 26. Kd2 Rxf7 27. Kxe2 d5 28. Kd2 Rd7 29. Bg5 Rf8 30. Bxf6 Rxf6 31. Rhf3 Rdf7 32. Rxf6 Rxf6 33. f3 Kg8 34. Ke3 Kf7 35. Rc3 c6 36. g4 Ke7 37. h5 Kd7 38. b4 Re6+ 39. Kf4 Re1 40. Kf5 Rd1 41. h6 gxh6 42. Kf6 Rxd4 43. Kg7 h5 44. gxh5 Rh4 45. h6 d4 46. Rc1 Kd6 47. Kxh7 c5 48. Kg7 Kd5 49. h7 c4 50. Rg1 Rxh7+ 51. Kxh7 d3 52. Kg6 c3 53. f4 d2 54. f5 c2 55. f6 d1=Q 56. Rg5+ Ke6 57. f7 Qd3+ 58. Kg7 Qd4+ 59. Kg8 Qf6 60. Rg7 c1=Q 61. f8=Q Qxf8+ 62. Kxf8 Qc8# 0-1


[Site "https://www.chess.com"]

[Event "Titled Tuesday Blitz January 17 Early 2023"]
[White "Sonnenschein, Philipp"]
[Black "Atakhan, Abtin"]
[WhiteFideId "16250877"]
[BlackFideId "22502203"]
[WhiteElo "2224"]
[BlackElo "2422"]
[Result "0-1"]
[Round "04"]
[TimeControl "180+2"]
[Date "2023.01.17"]
[WhiteClock "0:00:09"]
[BlackClock "0:00:05"]

1. d4 Nf6 2. c4 e6 3. Nf3 d5 4. g3 Bb4+ 5. Bd2 a5 6. Bg2 O-O 7. a3 Be7 8. Qc2 Nc6 9. e3 a4 10. O-O Re8 11. Nc3 Bd7 12. Ne5 dxc4 13. Nxc4 Bd6 14. Nb5 Bf8 15. Rfd1 Nb4 16. Bxb4 Bxb5 17. Bxf8 Rxf8 18. Bxb7 Rb8 19. Bg2 Bxc4 20. Qxc4 Rxb2 21. Qxa4 Ng4 22. Rf1 Qf6 23. h3 Nxf2 24. Rac1 Nxh3+ 25. Bxh3 Qh6 26. Bg2 Qxe3+ 27. Kh1 Qh6+ 28. Kg1 Qe3+ 29. Kh1 Qh6+ 30. Kg1 Qd2 31. Qc6 Qxd4+ 32. Kh1 Qd2 33. Rcd1 Qh6+ 34. Kg1 Qe3+ 35. Kh1 Qxg3 36. Qf3 Qh4+ 37. Kg1 h6 38. Rd7 Qg5 39. Rxf7 Qxg2+ 40. Qxg2 Rxg2+ 41. Kxg2 Rxf7 42. Re1 Rf6 43. a4 Kf7 44. Rc1 Rf5 45. Rxc7+ Kf6 46. Rc8 Ra5 47. Rc4 Rd5 48. Kf3 Rd3+ 49. Kg4 Ra3 50. Kh5 Kf5 51. Kh4 e5 52. Kh5 Rh3+ 0-1


[Site "https://www.chess.com"]

[Event "Titled Tuesday Blitz January 17 Early 2023"]
[White "Dehtiarov, Roman"]
[Black "Zherebtsova, Alexandra"]
[WhiteFideId "14186640"]
[BlackFideId "24129518"]
[WhiteElo "2289"]
[BlackElo "2155"]
[Result "1-0"]
[Round "04"]
[TimeControl "180+2"]
[Date "2023.01.17"]
[WhiteClock "0:00:04"]
[BlackClock "0:00:01"]

1. e4 e5 2. Nf3 Nc6 3. Bb5 a6 4. Ba4 Nf6 5. O-O Be7 6. Bxc6 dxc6 7. Nc3 Nd7 8. d4 exd4 9. Qxd4 O-O 10. Rd1 Qe8 11. Bf4 Bf6 12. e5 Be7 13. Ne4 Nb6 14. c4 Bg4 15. b3 Rd8 16. Qe3 Rxd1+ 17. Rxd1 Qc8 18. h3 Bf5 19. Ng3 Bg6 20. Bg5 Bxg5 21. Nxg5 Re8 22. f4 f6 23. Nf3 fxe5 24. Nxe5 Nd7 25. Re1 Nxe5 26. fxe5 Qe6 27. h4 h6 28. Qd4 b6 29. h5 Bf7 30. Qf4 Rd8 31. Ne4 Bxh5 32. Qh4 Qe8 33. e6 Bg6 34. e7 Rd7 35. Nf2 Kh7 36. Nh3 Kg8 37. Nf4 Bf7 38. Nh3 Bg6 39. Nf2 Bf7 40. Qe4 Bg6 41. Qe6+ Bf7 42. Qe5 c5 43. Ng4 Bg6 44. Qe3 Bf7 45. Qe2 Bg6 46. Qe3 Bf7 47. Nf2 Bg6 48. Qe2 Bf7 49. Nd3 Bg6 50. Nf4 Bf7 51. Qe5 Kh7 52. Qe4+ Kg8 53. Qe5 Kh7 54. g4 Kg8 55. g5 hxg5 56. Qxg5 Rd4 57. Qe5 Rd7 58. Nd5 Bxd5 59. cxd5 Kf7 60. Qe6# 1-0


[Site "https://www.chess.com"]

[Event "Titled Tuesday Blitz January 17 Early 2023"]
[White "Melikyan, Gnel"]
[Black "Garv Gaur"]
[WhiteFideId "54109990"]
[BlackFideId "45030839"]
[WhiteElo "2238"]
[BlackElo "2006"]
[Result "1-0"]
[Round "04"]
[TimeControl "180+2"]
[Date "2023.01.17"]
[WhiteClock "0:00:11"]
[BlackClock "0:00:08"]

1. Nh3 d5 2. d4 Nf6 3. Nf4 c5 4. c3 Nc6 5. e3 e5 6. dxe5 Nxe5 7. Bb5+ Nc6 8. O-O Bd6 9. g3 Be6 10. Qa4 Qc7 11. c4 Bxf4 12. cxd5 Bxg3 13. hxg3 Nxd5 14. Nc3 Nxc3 15. bxc3 h5 16. Ba3 h4 17. Qf4 Qe7 18. Rfd1 hxg3 19. Qxg3 Rh6 20. Kf1 a6 21. Qxg7 Rh1+ 22. Kg2 Rxd1 23. Qh8+ Qf8 24. Bxc6+ Rd7 25. Qxf8+ Kxf8 26. Bxc5+ Kg7 27. Bxd7 Bxd7 28. Bd4+ Kg6 29. Kf3 Bc6+ 30. Kf4 Re8 31. Rg1+ Kh6 32. f3 Bd5 33. e4 Bxa2 34. Kf5 Kh5 35. Rh1# 1-0


[Site "https://www.chess.com"]

[Event "Titled Tuesday Blitz January 17 Early 2023"]
[White "Sourath Biswas"]
[Black "Jiang, Andrew"]
[WhiteFideId "35091484"]
[BlackFideId "30953510"]
[WhiteElo "2281"]
[BlackElo "2201"]
[Result "1-0"]
[Round "04"]
[TimeControl "180+2"]
[Date "2023.01.17"]
[WhiteClock "0:00:21"]
[BlackClock "0:00:57"]

1. d4 d5 2. Bf4 Nf6 3. e3 e6 4. Nf3 c5 5. c3 Qb6 6. Qb3 c4 7. Qc2 Bd6 8. Ne5 Nbd7 9. Nd2 Qc7 10. Nxd7 Bxd7 11. Bxd6 Qxd6 12. b3 b5 13. a4 cxb3 14. Nxb3 bxa4 15. Nc5 O-O 16. Nxd7 Qxd7 17. Qxa4 Qc7 18. Qa3 Rfc8 19. Rc1 a5 20. Bd3 e5 21. O-O e4 22. Be2 Qd7 23. c4 dxc4 24. Rxc4 Rxc4 25. Bxc4 Rc8 26. Qa2 a4 27. h3 h5 28. Ra1 a3 29. Bb3 Ra8 30. Qc2 Qb5 31. Ra2 Qd3 32. Qxd3 exd3 33. f3 Rb8 34. Rxa3 d2 35. Bc2 Rb1+ 36. Kf2 d1=Q 37. Ra8+ 1-0


[Site "https://www.chess.com"]